AoeStats
← zlotoj

Arena

510091455Analyzed
1v1 RM · 4d ago on Sep 29, 2026· 45m 24s· 2 players
Game mode
Random Map
Map size
Tiny (2 player)
Population
200
Speed
Normal
Resources
Standard
Victory
Conquest
Starting age
Dark Age
Ending age
Imperial Age
RankedLock teamsTeams togetherTeam positionsShared explorationLock speedFull tech treeHidden civsTurbo modeCheats
Victory
Defeat
🇵🇱 Poles · Poland
597
+17
🇺🇸 Inca · United States
624
-17
zlotoj
11:10 Feudal Age
13:59 Loom
16:19 Castle Age
14:50 Double-Bit Axe
18:21 Loom
18:34 Horse Collar
29:47 Bloodlines
35:41 Imperial Age
33:23 Husbandry
37:34 Conscription
37:37 Scale Barding Armor
38:00 Forging
38:00 Heavy Plow
38:14 Bow Saw
38:39 Cavalier
39:30 Szlachta Privileges
42:35 Gold Mining
43:26 Crop Rotation
El que te Lo Mete
0:48 Loom
11:47 Feudal Age
14:32 Wheelbarrow
15:47 Double-Bit Axe
16:02 Gold Mining
19:05 Castle Age
17:05 Horse Collar
20:10 Fletching
20:20 Padded Archer Armor
26:26 Squires
26:54 Forging
26:45 Scale Mail Armor
30:01 Bodkin Arrow
33:56 Iron Casting
37:58 Andean Sling
40:48 Imperial Age
38:29 Heavy Plow
39:30 Bow Saw
39:24 Champi Runner
42:14 Crop Rotation
42:12 Conscription
42:02 Champi Warrior
44:47 Bracer
Connection lost

Rejoining the realm…

Still unreachable

The connection could not be restored.

Session expired

The server has moved on; the page needs a fresh start.